 Dungeon Crawl Stone Soup version 0.26.1-11-gd32895ea62 (webtiles) character file.

Game seed: 5687750968429692675

268 phalm the Conjurer (level 6, -5/44 HPs)
             Began as a Gnoll Conjurer on May 12, 2021.
             Killed from afar by Ijyb (6 damage)
             ... with a bolt of acid
             ... on level 2 of the Dungeon.
             The game lasted 00:03:49 (1400 turns).

phalm the Conjurer (Gnoll Conjurer)                 Turns: 1400, Time: 00:03:50

Health: -5/44      AC: -1    Str:  9    XL:     6   Next: 21%
Magic:  11/14      EV: 14    Int: 23    God:
Gold:   72         SH:  0    Dex: 13    Spells: 8/15 levels left

rFire    . . .     SeeInvis .   b - +0 hunting sling
rCold    . . .     Faith    .   (no shield)
rNeg     . . .     Spirit   .   r - +0 robe
rPois    +         Reflect  .   (no helmet)
rElec    .         Harm     .   (no cloak)
rCorr    .         Rampage  .   (no gloves)
Will     .....                  (no boots)
Stlth    +++.......             c - amulet of magic regeneration
HPRegen  0.14/turn              P - ring of poison resistance
MPRegen  0.39/turn              (no ring)

@: corroded
A: distributed training, fangs 1, strong nose
a: no special abilities


You were on level 2 of the Dungeon.
You visited 1 branch of the dungeon, and saw 2 of its levels.

You collected 72 gold pieces.


Innate Abilities, Weirdness & Mutations

Your experience applies equally to all skills.
You have very sharp teeth.
Your uncanny sense of smell can sniff out nearby items.


   Skills:
 + Level 1.8 Fighting
 + Level 1.8 Short Blades
 + Level 1.8 Long Blades
 + Level 1.8 Axes
 + Level 1.8 Maces & Flails
 + Level 1.8 Polearms
 + Level 1.8 Staves
 + Level 1.8 Slings
 + Level 1.8 Bows
 + Level 1.8 Crossbows
 + Level 1.8 Throwing
 + Level 1.8 Armour
 + Level 4.9 Dodging
 + Level 4.5 Stealth
 + Level 1.8 Shields
 + Level 1.8 Unarmed Combat
 + Level 5.3 Spellcasting
 + Level 7.2 Conjurations
 + Level 1.4 Hexes
 + Level 1.4 Summonings
 + Level 1.4 Necromancy
 + Level 1.4 Translocations
 + Level 1.4 Transmutations
 + Level 1.4 Fire Magic
 + Level 1.4 Ice Magic
 + Level 1.4 Air Magic
 + Level 1.4 Earth Magic
 + Level 1.4 Poison Magic
 + Level 2.0 Invocations
 + Level 1.8 Evocations


You had 8 spell levels left.
You knew the following spells:

 Your Spells              Type           Power        Failure   Level
m - Magic Dart            Conj           100%         1%          1
s - Searing Ray           Conj           78%          1%          2
X - Iskenderun's Mystic   Conj/Tloc      26%          16%         4

Your spell library contained the following spells:

 Spells                   Type           Power        Failure   Level
 Dazzling Flash           Conj/Hex       52%          4%          3
 Fulminant Prism          Conj/Hex       13%          16%         4

Inventory:

Hand Weapons
 a - a +0 scimitar
   (You took it off an orc warrior on level 2 of the Dungeon)
 b - a +0 hunting sling (weapon)
   (You took it off a goblin on level 2 of the Dungeon)
 s - a +2 dagger of holy wrath
   (You took it off an orc wizard on level 2 of the Dungeon)
Missiles
 d - 119 stones
 f - 36 sling bullets (quivered ammo)
 h - 10 bolts
 j - a throwing net {=f!f}
 u - 58 arrows
Armour
 k - a +0 helmet
   (You took it off Robin on level 2 of the Dungeon)
 r - a +0 robe (worn)
Jewellery
 c - an amulet of magic regeneration (around neck)
   (You found it on level 1 of the Dungeon)
 P - a ring of poison resistance (left hand)
   (You found it on level 2 of the Dungeon)
Scrolls
 l - a scroll of blinking {unknown}
 m - a scroll of magic mapping {unknown}
 o - a scroll of amnesia {unknown}
 p - a scroll of teleportation {unknown}
 t - a scroll of identify {unknown}
Potions
 e - 2 potions of brilliance {unknown}
 g - a potion of flight {unknown}
 i - 2 potions of lignification {unknown}
 n - a potion of degeneration {unknown}
 q - a potion of might {unknown}

Dungeon Overview and Level Annotations

Branches:
Dungeon (2/15)

Altars:

Annotations:
D:2 Ijyb

####### #.....# .
#.###.#######....
#.# #)†{.@..).†..
#.###)#######....
#.#...)..†... .
########.#)....{....
#........#....)).(.(
#........#..........
#........#..>...†...
#........#..........
#
#........#..........
##


There were no monsters in sight!


Message History

You lost 1 mp, and now have 3/14 mp.
A goblin comes into view.
It is wielding a +0 club. 😮 HP[+2] MP[+6]
You regained 2 hp, and now have 32/44 hp.
You regained 6 mp, and now have 9/14 mp.
Aiming: Magic Dart (safe; 1% risk of failure)
Press: ? - help, Q - select action, (/) - cycle Shift-Dir - straight line, f - goblin
Aim: a goblin, wielding a +0 club (wandering, hasn't noticed you, 0% to evade)
The magic dart hits the goblin.
You kill the goblin! 😮 MP[-1]
You lost 1 mp, and now have 8/14 mp.
A goblin comes into view. 😕 HP[+2] MP[+6]
You regained 2 hp, and now have 34/44 hp.
Your mp is fully restored (14).
The magic dart hits the goblin.
You kill the goblin! 😕 MP[-1]
You lost 1 mp, and now have 13/14 mp.
You can't see any susceptible monsters within range! (Use Z to cast anyway.)
A goblin comes into view. 😕 HP[+2] MP[+1]
You regained 2 hp, and now have 36/44 hp.
Your mp is fully restored (14).
A goblin is nearby!
The magic dart hits the goblin!
You kill the goblin! 😕 MP[-1]
You lost 1 mp, and now have 13/14 mp.
d - 95 stones (gained 2)
You see here a goblin corpse.
k - a +0 helmet
Items here: )) [ †. 😎 HP[+8] MP[+1]
Your hp is fully restored (44).
Your mp is fully restored (14).
Okay, then.
t - a scroll labelled BEIX NIM JEOS;
d - 119 stones (gained 24)
Items here: )))) ††.
u - a +0 hunting sling Adjust to which letter? (? for menu, Esc to quit)
b - a +0 hunting sling;
u - 58 arrows Adjust to which letter? (? for menu, Esc to quit)
a - a +0 scimitar (weapon);
r - a +0 robe (worn)
b - a +0 hunting sling (weapon)
Things that are here:
a +0 club; a goblin corpse; a goblin corpse Ijyb the Twisted Goblin comes into view.
She is wearing a +2 ring mail of fire resistance and carrying a wand of acid (9).
You shoot a sling bullet. The sling bullet closely misses Ijyb.
Ijyb shouts!
You shoot a sling bullet. The sling bullet barely misses Ijyb.
Casting: Magic Dart (safe; 1% risk of failure)
Confirm with . or Enter, or press ? or * to list all spells.
You can't see any susceptible monsters within range! (Use Z to cast anyway.)
You shoot a sling bullet. The sling bullet hits Ijyb.
Ijyb drinks a potion.
Ijyb flickers and vanishes!
Deactivating autopickup; reactivate with Ctrl-A.
Casting: Magic Dart (safe; 1% risk of failure)
Confirm with . or Enter, or press ? or * to list all spells.
Aiming: Searing Ray (safe; 1% risk of failure)
Press: ? - help, Shift-Dir - straight line (Press . to maintain the ray.)
You hear a zap.
A bolt of acid appears from out of thin air!
The bolt of acid hits you! The acid corrodes you!
You are splashed with acid!
* * * LOW HITPOINT WARNING * * *
😨 HP[-24] MP[-2]
You take 24 damage, and now have 20/44 hp.
MASSIVE DAMAGE!! (PAUSE)
You lost 2 mp, and now have 12/14 mp. 😨 MP[+1]
You hear a zap.
A bolt of acid appears from out of thin air!
The bolt of acid misses you.
Items here: ))) ††.
You see here a goblin corpse. 😨 HP[+1] MP[+1]
Your mp is fully restored (14).
You hear a zap.
A bolt of acid appears from out of thin air!
The bolt of acid hits you!
* * * LOW HITPOINT WARNING * * *
You are splashed with acid!
* * * LOW HITPOINT WARNING * * *
😱 HP[-20]
You take 20 damage, and now have 1/44 hp.
MASSIVE DAMAGE!! (PAUSE)
Casting: Searing Ray (safe; 1% risk of failure)
Confirm with . or Enter, or press ? or * to list all spells.
Aiming: Searing Ray (safe; 1% risk of failure)
Press: ? - help, Shift-Dir - straight line (Press . to maintain the ray.) 😱 MP[-2]
You lost 2 mp, and now have 12/14 mp.
The searing ray hits something but does no damage.
You hear a zap.
A bolt of acid appears from out of thin air!
The bolt of acid hits you.
You die...

Skill      XL: |  1  2  3  4  5 |
---------------+----------------+-----
Spellcasting   | 5 |  5.3
Invocations    | 1 2 |  2.0
Fighting       | 1 |  1.8
Short Blades   | 1 |  1.8
Long Blades    | 1 |  1.8
Axes           | 1 |  1.8
Maces & Flails | 1 |  1.8
Polearms       | 1 |  1.8
Staves         | 1 |  1.8
Slings         | 1 |  1.8
Bows           | 1 |  1.8
Crossbows      | 1 |  1.8
Throwing       | 1 |  1.8
Armour         | 1 |  1.8
Shields        | 1 |  1.8
Unarmed Combat | 1 |  1.8
Evocations     | 1 |  1.8
Hexes          | 1 |  1.4
Summonings     | 1 |  1.4
Necromancy     | 1 |  1.4
Translocations | 1 |  1.4
Transmutations | 1 |  1.4
Fire Magic     | 1 |  1.4
Ice Magic      | 1 |  1.4
Air Magic      | 1 |  1.4
Earth Magic    | 1 |  1.4
Poison Magic   | 1 |  1.4
Dodging        | |  4.9
Stealth        | |  4.5
Conjurations   | |  7.2

Action                   |  1- 3 |  4- 6 || total
-------------------------+-------+-------++-------
Melee: Scimitar          |       |     2 ||     2
 Fire: Hunting sling     |       |     3 ||     3
 Cast: Magic Dart        |    67 |    36 ||   103
       Searing Ray       |     2 |     6 ||     8
Armor: Robe              |     2 |     3 ||     5
Dodge: Dodged            |     5 |     4 ||     9
       Rpst.: Scimitar   |       |     1 ||     1

Levels and vault maps discovered:
D:1:      lemuel_arrival_rhombus, layout_basic, st_stairs_9
D:2:      kennysheep_the_goblin_king, layout_basic, minmay_strange_pillars,
          uniq_robin

Notes
Turn   | Place    | Note
-------+----------+-------------------------------------------
     0 | D:1      | phalm the Gnoll Conjurer began the quest for the Orb.
     0 | D:1      | Reached XP level 1. HP: 13/13 MP: 6/6
     0 | D:1      | magus.rc [v1.9.10]
   208 | D:1      | Reached XP level 2. HP: 19/19 MP: 3/7
   211 | D:1      | Learned a level 2 spell: Searing Ray
   626 | D:2      | Reached XP level 3. HP: 25/25 MP: 6/9
   634 | D:2      | Reached skill level 5 in Spellcasting
   720 | D:2      | Reached skill level 1 in Invocations
   783 | D:2      | Reached skill level 1 in Fighting
   783 | D:2      | Reached skill level 1 in Short Blades
   783 | D:2      | Reached skill level 1 in Long Blades
   783 | D:2      | Reached skill level 1 in Axes
   783 | D:2      | Reached skill level 1 in Maces & Flails
   783 | D:2      | Reached skill level 1 in Polearms
   783 | D:2      | Reached skill level 1 in Staves
   783 | D:2      | Reached skill level 1 in Slings
   783 | D:2      | Reached skill level 1 in Bows
   783 | D:2      | Reached skill level 1 in Crossbows
   783 | D:2      | Reached skill level 1 in Throwing
   783 | D:2      | Reached skill level 1 in Armour
   783 | D:2      | Reached skill level 1 in Shields
   783 | D:2      | Reached skill level 1 in Unarmed Combat
   783 | D:2      | Reached skill level 1 in Evocations
   986 | D:2      | Reached XP level 4. HP: 32/32 MP: 8/11
  1072 | D:2      | Learned a level 4 spell: Iskenderun's Mystic Blast
  1095 | D:2      | Reached skill level 1 in Hexes
  1095 | D:2      | Reached skill level 1 in Summonings
  1095 | D:2      | Reached skill level 1 in Necromancy
  1095 | D:2      | Reached skill level 1 in Translocations
  1095 | D:2      | Reached skill level 1 in Transmutations
  1095 | D:2      | Reached skill level 1 in Fire Magic
  1095 | D:2      | Reached skill level 1 in Ice Magic
  1095 | D:2      | Reached skill level 1 in Air Magic
  1095 | D:2      | Reached skill level 1 in Earth Magic
  1095 | D:2      | Reached skill level 1 in Poison Magic
  1096 | D:2      | Reached XP level 5. HP: 37/37 MP: 5/12
  1099 | D:2      | Noticed an orc warrior
  1116 | D:2      | Killed an orc warrior
  1173 | D:2      | Reached skill level 2 in Invocations
  1173 | D:2      | Reached XP level 6. HP: 37/44 MP: 8/13
  1254 | D:2      | Noticed Robin
  1269 | D:2      | Killed Robin
  1386 | D:2      | Noticed Ijyb
  1397 | D:2      | HP: 1/44 [acid (13)]
  1400 | D:2      | Killed from afar by Ijyb

Vanquished Creatures
  An orc warrior (D:2)
  3 orc wizards (D:2)
  Robin (D:2)
  An adder (D:2)
  An ooze (D:2)
  A worm (D:2)
  A dart slug (D:1)
  2 leopard geckos
  5 bats
  2 giant cockroaches
  21 goblins
  6 hobgoblins
  6 jackals (D:2)
  2 frilled lizards (D:1)
  5 kobolds
  4 rats
62 creatures vanquished.

Table legend:
 A = Non-vault XP
 B = Vault XP
 C = Vault XP percentage of total XP
 D = Non-vault monster count
 E = Vault monster count
 F = Vault count percentage of total count
                 A         B        C        D         E       F
            +---------+---------+-------+---------+---------+-------
      Total |     329 |      54 |  14.1 |      40 |      22 |  35.5
            +---------+---------+-------+---------+---------+-------
        D:1 |      23 |       9 |  28.1 |      14 |       4 |  22.2
        D:2 |     306 |      45 |  12.8 |      26 |      18 |  40.9
            +---------+---------+-------+---------+---------+-------

Illustrated notes

Table legend:
 A = Kills in this place as a percentage of kills in entire the game.
 B = Kills by you in this place as a percentage of kills by you in the entire game.
 C = Kills by friends in this place as a percentage of kills by friends in the entire game.
 D = Other kills in this place as a percentage of other kills in the entire game.
 E = Experience gained in this place as a percentage of experience gained in the entire game.
 F = Experience gained in this place divided by the number of levels of this place that you have seen.
                   A       B       C       D       E      F
               +-------+-------+-------+-------+-------+----------------------
         Total | 100.0 | 100.0 |   N/A |   N/A | 100.0 | 191.5
       Dungeon | 100.0 | 100.0 |   N/A |   N/A | 100.0 | 191.5
               +-------+-------+-------+-------+-------+----------------------

Table legend: (Time is in decaauts)
 A = Elapsed time spent in this place.
 B = Non-inter-level travel time spent in this place.
 C = Inter-level travel time spent in this place.
 D = Time resting spent in this place.
 E = Time spent auto-exploring this place.
 F = Levels seen in this place.
 G = Mean time per level.
                   A        B        C        D        E       F      G
               +--------+--------+--------+--------+--------+-----+--------+
         Total |   1398 |   1379 |     19 |      0 |   1107 |   2 |  699.0 |
       Dungeon |   1398 |   1379 |     19 |      0 |   1107 |   2 |  699.0 |
               +--------+--------+--------+--------+--------+-----+--------+

Top non-repeatable levels by time:
     D:2: 801 daAuts
     D:1: 597 daAuts
